 Dungeon Crawl Stone Soup version 0.18-a0-946-g3ac5b32 (webtiles) character file.

35 filipzpl the Magician (level 3, 0/19 HPs)
             Began as a Deep Elf Wizard on Dec 29, 2015.
             Succumbed to an adder's poison
             ... on level 2 of the Dungeon.
             The game lasted 00:04:22 (1247 turns).

filipzpl the Magician (Deep Elf Wizard)             Turns: 1247, Time: 00:04:22

Health: 0/19       AC:  2    Str:  4    XL:     3   Next: 17%
Magic:  7/12       EV: 12    Int: 23    God:
Gold:   39         SH:  0    Dex: 13    Spells: 5 memorised, 2 levels left

rFire  + . .     SeeInvis .     (no weapon)
rCold  + . .     Gourm    .     a - +0 robe
rNeg   . . .     Faith    .     (no shield)
rPois  +         Spirit   .     b - +0 hat
rElec  +         Dismiss  .     (no cloak)
rCorr  +         Reflect  .     (no gloves)
SustAt .         Harm     .     (no boots)
MR     .....                    (no amulet)
Stlth  ++........               (no ring)
                                (no ring)

@: lethally poisoned (0 -> -2), resistant, flying, not resistant to hostile
enchantments, unstealthy
A: no striking features
a: no special abilities


You were on level 2 of the Dungeon.
You were not hungry.

You visited 1 branch of the dungeon, and saw 2 of its levels.

You collected 39 gold pieces.

Inventory:

Armour
 a - a +0 robe (worn)
 b - a +0 hat (worn)
Scrolls
 e - 2 scrolls of recharging
 i - 2 scrolls of blinking
Books
 c - a book of Minor Magic

   Spells                             Type                      Level
   a - Magic Dart                     Conjuration                  1
   b - Blink                          Translocation                2
   c - Call Imp                       Summoning                    2
   d - Repel Missiles                 Charms/Air                   2
   e - Slow                           Hexes                        2
   f - Conjure Flame                  Conjuration/Fire             3
   g - Mephitic Cloud                 Conjuration/Poison/Air       3


   Skills:
 - Level 2.4 Dodging
 - Level 2.4 Stealth
 * Level 5.7 Spellcasting
 + Level 1.8 Conjurations
 - Level 1.1 Summonings
 - Level 1.1 Translocations


You had 2 spell levels left.
You knew the following spells:

 Your Spells              Type           Power        Failure   Level  Hunger
a - Magic Dart            Conj           ##..         4%          1    None
b - Call Imp              Summ           ##......     10%         2    None
c - Blink                 Tloc           N/A          10%         2    None
d - Conjure Flame         Conj/Fire      ##......     21%         3    #......
e - Mephitic Cloud        Conj/Pois/Air  #.......     21%         3    #......


Dungeon Overview and Level Annotations

Branches:
Dungeon (2/15)

Altars:
Cheibriados


Message History

You aren't carrying any rechargeable items.
Read which item? (? for menu, Esc to quit)
As you read the scroll labeled POUTHR WUATHRAO, it crumbles to dust.
It is a scroll of enchant weapon.
You aren't carrying any weapons that can be enchanted.
Read which item? (? for menu, Esc to quit)
As you read the scroll labeled SON VIUT URA, it crumbles to dust.
It is a scroll of identify.
Identify which item? (\ to view known items) (? for menu, Esc to quit)
i - 2 scrolls of blinking
* * * LOW HITPOINT WARNING * * *
You feel sick.
Read which item? (? for menu, Esc to quit)
Okay, then.
There is a lethal amount of poison in your body!
There is a lethal amount of poison in your body!
There is a lethal amount of poison in your body!
* * * LOW HITPOINT WARNING * * *
You feel sick.
You die...

##..######## #..#
#..########## #
#........#.. ..
#..#####.#.##..
#.....>......
##.#####...#
#.#####...####...
#.@.....†......#
#######...######
#...# #...#
#..... #....##
...... ..?.....
....>....


There were no monsters in sight!

Vanquished Creatures
  An adder (D:2)
  An ooze (D:1)
  A giant cockroach (D:1)
  2 hobgoblins (D:1)
  4 jackals (D:1)
  5 bats (D:1)
  2 giant geckos (D:1)
  3 goblins (D:1)
  5 kobolds (D:1)
  3 rats
27 creatures vanquished.

Notes
Turn   | Place    | Note
--------------------------------------------------------------
     0 | D:1      | filipzpl the Deep Elf Wizard began the quest for the Orb.
     0 | D:1      | Reached XP level 1. HP: 10/10 MP: 7/7
   206 | D:1      | Found a snail-covered altar of Cheibriados.
   437 | D:1      | Reached XP level 2. HP: 13/15 MP: 5/9
   546 | D:1      | Reached skill level 5 in Spellcasting
  1100 | D:1      | Reached XP level 3. HP: 19/19 MP: 10/12
  1104 | D:1      | Learned a level 2 spell: Call Imp
  1107 | D:1      | Learned a level 2 spell: Blink
  1111 | D:1      | Learned a level 3 spell: Conjure Flame
  1115 | D:1      | Learned a level 3 spell: Mephitic Cloud
  1247 | D:2      | Succumbed to an adder's poison

Vault maps used:
D:1:      onia_arrival_mini_maze_b, grunt_decor_clamped,
          minmay_misc_feat_nine_boxes, minmay_splitting_lines,
          serial_bayou_lagoon_a, serial_park_tiny_1, cheibriados_altar_1
D:2:      grunt_temple_overflow_magic_moments, uniq_jessica

Action                   || total
-------------------------++-------
Melee: Unarmed           ||    20
 Cast: Magic Dart        ||    54
       Call Imp          ||     7
  Use: Scroll            ||     3
       Potion            ||     2
  Eat: Bread ration      ||     1
